 Dungeon Sprint DCSS version 0.17-a0-1262-gd250d98 (webtiles) character file.

518 Kidiri the Covert (level 7, -4/38 HPs)
             Began as a Spriggan Assassin on June 6, 2015.
             Slain by a boulder beetle (42 damage)
             ... in the Dungeon (Sprint II: "The Violet Keep of Menkaure").
             The game lasted 00:02:20 (390 turns).

Kidiri the Covert (Spriggan Assassin)                Turns: 390, Time: 00:02:20

Health: -4/38      AC:  3    Str:  7    XL:     7   Next: 1%
Magic:  8/8        EV: 28    Int: 12    God:
Gold:   729        SH:  0    Dex: 20    Spells: 0 memorised, 6 levels left

rFire  . . .     SeeInvis +     a - +2 dagger
rCold  . . .     Clarity  .     c - +0 robe
rNeg   . . .     SustAt   .     (shield restricted)
rPois  .         Gourm    .     (helmet restricted)
rElec  .         Spirit   .     d - +0 cloak
rCorr  .         Warding  .     (gloves unavailable)
rMut   .         NoTele   +     (boots unavailable)
MR     +....                    (no amulet)
Stlth  ++++++....               (no ring)
                                (no ring)

@: very quick, somewhat resistant to hostile enchantments, very stealthy
A: unfitting armour, see invisible, herbivore 3, speed 3, slow metabolism 2
a: no special abilities


You were in the Dungeon.
You were not hungry.

You visited 1 branch You collected 729 gold pieces.

Inventory:

Hand weapons
 a - a +2 dagger (weapon)
 b - a +0 blowgun
Missiles
 e - 5 poisoned needles
Armour
 c - a +0 robe (worn)
 d - a +0 cloak (worn)
Scrolls
 m - a scroll of blinking
Potions
 h - a potion of curing
 i - a potion of heal wounds
 j - a potion of haste
 k - 2 potions of magic
 l - a potion of berserk rage
Comestibles
 g - a bread ration


   Skills:
 + Level 4.5 Fighting
 * Level 8.6 Short Blades
 + Level 6.0 Throwing
 * Level 10.7 Dodging
 * Level 12.6 Stealth


You had 6 spell levels left.
You didn't know any spells.

Dungeon Overview and Level Annotations

Branches:
Dungeon (1/1)

Altars:


Innate Abilities, Weirdness & Mutations

You are tiny and cannot use many weapons and most armour.
You have supernaturally acute eyesight.
You are a herbivore.
You cover ground extremely quickly.
You need consume almost no food.


Message History

The boulder beetle is heavily wounded.
You hit the boulder beetle.
The boulder beetle is heavily wounded.
You hit the boulder beetle but do no damage.
The boulder beetle is severely wounded.
You barely miss the boulder beetle.
The boulder beetle is severely wounded.
The boulder beetle misses you.
You hit the boulder beetle but do no damage.
The boulder beetle is severely wounded.
You hit the boulder beetle but do no damage.
The boulder beetle is almost dead.
You hit the boulder beetle but do no damage.
The boulder beetle is almost dead.
The boulder beetle is no longer moving slowly.
You hit the boulder beetle but do no damage.
The boulder beetle is almost dead.
The boulder beetle bites you!!!
Ouch! That really hurt!
You die...

#.##..# ####.#.####
##.###+###.##
#$..##.##.#.#
#§§§.+###+..#
#.§B##(##.#.#..w.#
##.###(###.##.w**..
####B###### .w**.
#@##..# ≈≈{**
##...# ≈≈{X ##+##
§w{≈


You could see a boulder beetle.

Vanquished Creatures
  2 hippogriffs (D)
  4 brain worms (D)
  3 worms (D)
9 creatures vanquished.

Vanquished Creatures (others)
  Menkaure (D)
  4 tentacles (D)
  26 tentacle segments (D)
31 creatures vanquished.

Grand Total: 40 creatures vanquished

Notes
Turn   | Place    | Note
--------------------------------------------------------------
     0 | D        | Kidiri the Spriggan Assassin began the quest for the Orb.
     0 | D        | Reached XP level 1. HP: 10/10 MP: 2/2
     6 | D        | Reached skill level 6 in Stealth
    13 | D        | Reached XP level 2. HP: 13/15 MP: 3/3
    55 | D        | Noticed Menkaure
    56 | D        | Noticed a hippogriff
    56 | D        | Noticed a hippogriff
    59 | D        | Killed a hippogriff
    59 | D        | Reached skill level 5 in Short Blades
    59 | D        | Reached skill level 9 in Stealth
    59 | D        | Reached XP level 3. HP: 18/20 MP: 4/4
    59 | D        | Reached XP level 4. HP: 21/24 MP: 5/5
    63 | D        | Noticed a kraken
    70 | D        | Noticed a boulder beetle
    71 | D        | Noticed a boulder beetle
    71 | D        | Killed Menkaure
    86 | D        | Killed a hippogriff
    86 | D        | Reached skill level 5 in Throwing
    86 | D        | Reached skill level 11 in Stealth
    86 | D        | Reached XP level 5. HP: 17/29 MP: 6/6
   329 | D        | Noticed a brain worm
   332 | D        | Killed a brain worm
   332 | D        | Reached XP level 6. HP: 33/33 MP: 7/7
   334 | D        | Noticed a brain worm
   335 | D        | Killed a brain worm
   335 | D        | Reached skill level 10 in Dodging
   335 | D        | Reached skill level 12 in Stealth
   337 | D        | Noticed a brain worm
   337 | D        | Noticed a brain worm
   339 | D        | Killed a brain worm
   341 | D        | Killed a brain worm
   341 | D        | Reached XP level 7. HP: 36/38 MP: 8/8
   390 | D        | Slain by a boulder beetle

Vault maps used:
D:        the_violet_keep_of_menkaure

Action                   |  1- 3 |  4- 6 |  7- 9 || total
-------------------------+-------+-------+-------++-------
Melee: Dagger            |     4 |    13 |     8 ||    25
 Fire: Blowgun           |       |     2 |     4 ||     6
 Stab: Sleeping          |     4 |     4 |       ||     8
